 Dungeon Crawl Stone Soup version 0.30-a0-715-gdb4ae3ece1 (webtiles) character file.

Game seed: 2063493333035997109

37263 gelatine the Spear-Bearer (level 13, -4/151 HPs)
             Began as a Demonspawn Reaver on Jan 24, 2023.
             Was an Elder of Uskayaw.
             Slain by a culicivora (7 damage)
             ... on level 1 of the Spider Nest on Jan 25, 2023.
             The game lasted 00:49:43 (15510 turns).

gelatine the Spear-Bearer (Demonspawn Reaver)      Turns: 15510, Time: 00:49:44

Health: -4/151     AC: 25    Str: 17    XL:     13   Next: 57%
Magic:  0/23       EV: 16    Int: 18    God:    Uskayaw [****..]
Gold:   1378       SH:  0    Dex: 11    Spells: 24/25 levels left

rFire   + + .      SeeInvis .    x - +10 trident "Cippuha" {drain, rF++ Str+2}
rCold   . . .      Faith    .    (no shield)
rNeg    . . .      Spirit   +    Z - +2 chain mail {rPois}
rPois   +          Reflect  .    P - +1 hat
rElec   .          Harm     .    m - +0 cloak {Will+}
rCorr   .          Rampage  .    V - +0 pair of gloves
Will    +....                    Q - +0 pair of boots Stlth
                                 y - amulet of guardian spirit
HPRegen 3.45/turn                N - +5 ring of evasion
MPRegen 0.18/turn                c - +4 ring of protection

@: berserking, slowed
A: thin metallic scales 2, powered by death 2, weakness stinger 2, horns 1,
sturdy frame 1
a: Renounce Religion, Stomp, Line Pass


You were on level 1 of the Spider Nest.
You worshipped Uskayaw.
Uskayaw was noncommittal.
You visited 4 branches of the dungeon, and saw 16 of its levels.
You also visited: Sewer and Bailey.

You collected 1378 gold pieces.

Inventory:

Hand Weapons
 x - the +10 trident "Cippuha" (weapon) {drain, rF++ Str+2}
   (You found it on level 4 of the Dungeon)

   Str:       It affects your strength (+2).
   rF:        It greatly protects you from fire.
Missiles
 e - 27 poisoned darts (quivered)
 M - 2 javelins
 S - 4 curare-tipped darts
 Y - 10 throwing nets
Armour
 m - a +0 cloak of willpower (worn)
 P - a +1 hat (worn)
 Q - a +0 pair of boots (worn)
 V - a +0 pair of gloves (worn)
 Z - a +2 chain mail of poison resistance (worn)
Jewellery
 a - a ring of ice
 c - a +4 ring of protection (right hand)
 k - a ring of protection from fire
 n - the ring of the Mantidfly {rF+ rN+}
   (You found it on level 3 of the Lair of Beasts)

   [ring of positive energy]

   rF:        It protects you from fire.
   rN:        It protects you from negative energy.
 o - a ring of see invisible
 r - a ring of fire
 v - a ring of resist corrosion
 y - an amulet of guardian spirit (around neck)
 N - a +5 ring of evasion (left hand)
Wands
 q - a wand of polymorph (10)
 J - a wand of roots (17)
 L - a wand of acid (5)
 U - a wand of paralysis (9)
Scrolls
 h - 3 scrolls of enchant weapon {unknown}
 i - 2 scrolls of immolation
 j - 7 scrolls of teleportation
 t - a scroll of butterflies {unknown}
 w - 3 scrolls of enchant armour {unknown}
 z - 3 scrolls of vulnerability
 A - 3 scrolls of poison {unknown}
 C - 2 scrolls of blinking
 D - 3 scrolls of noise {unknown}
 E - a scroll of amnesia {unknown}
 I - 2 scrolls of fear
 O - a scroll of silence
 T - 3 scrolls of magic mapping
 W - 3 scrolls of torment {unknown}
Potions
 d - 3 potions of haste
 f - 2 potions of ambrosia
 g - 4 potions of flight
 l - 4 potions of invisibility
 p - 3 potions of brilliance
 s - 3 potions of berserk rage
 u - 2 potions of mutation
 B - 3 potions of attraction
 F - a potion of might
 K - a potion of curing
 R - 3 potions of magic
Miscellaneous
 b - a piece from Xom's chessboard (15/15)
 G - a condenser vane (inert)


   Skills:
 * Level 9.1 Fighting
 + Level 4.3(8.6) Axes
 * Level 11.4(11.8) Polearms
 + Level 2.0 Throwing
 * Level 8.8 Armour
 * Level 7.9 Dodging
 + Level 5.2 Stealth
 * Level 6.9 Spellcasting
 + Level 5.3 Conjurations
 * Level 7.5 Invocations
 + Level 4.3 Evocations


You had 24 spell levels left.
You knew the following spells:

 Your Spells              Type           Power      Damage    Failure   Level
a - Kiss of Death         Conj/Necr      60%        2d10      21%         1

Your spell library contained the following spells:

 Spells                   Type           Power      Damage    Failure   Level
 Shock                    Conj/Air       60%        1d6       21%         1
 Momentum Strike          Conj/Tloc      30%        3d8       30%         2
 Hailstorm                Conj/Ice       15%        3d5       52%         3
 Ensorcelled Hibernation  Hex/Ice        12%        N/A       67%         2
 Passwall                 Tmut/Erth      5%         N/A       67%         2
 Ignite Poison            Fire/Tmut/Pois 6%         N/A       88%         3
 Kindle Blastsparks       Fire/Tloc/Air  12%        2d11      88%         3
 Swiftness                Air            6%         N/A       88%         3
 Vhi's Electric Charge    Tloc/Air       12%        N/A       88%         3
 Airstrike                Air            3%         2d(1-17)  99%         4
 Animate Dead             Necr           6%         N/A       99%         4
 Manifold Assault         Tloc           6%         N/A       99%         4
 Summon Lightning Spire   Summ/Air       6%         N/A       99%         4
 Arcjolt                  Conj/Air       7%         1d17      99%         5
 Lightning Bolt           Conj/Air       7%         1d20      99%         5
 Alistair's Intoxication  Tmut/Pois      4%         N/A       100%        5
 Borgnjor's Vile Clutch   Necr/Erth      3%         N/A       100%        5
 Freezing Cloud           Conj/Ice/Air   6%         6-21      100%        5
 Death Channel            Necr           3%         N/A       100%        6
 Dispersal                Tloc           3%         N/A       100%        6
 Eringya's Noxious Bog    Tmut/Pois      3%         N/A       100%        6
 Disjunction              Tloc           3%         N/A       100%        8
 Maxwell's Capacitive Co  Air            3%         ∞         100%        8


Dungeon Overview and Level Annotations

Branches:
Dungeon (10/15)            Temple (1/1) D:4            Lair (4/5) D:9
 Shoals (0/4) Lair:2       Spider (1/4) Lair:2          Orc (0/2) D:10
  Sewer (visited)          Bailey (visited)
  Slime: Lair:4-5

Altars:
Ashenzari
Cheibriados
Dithmenos
Fedhas
Gozag
Hepliaklqana
Kikubaaqudgha
Makhleb
Nemelex Xobeh
Okawaru
Qazlal
Ru
Sif Muna
Trog
Uskayaw
Vehumet
Wu Jian
Xom
Yredelemnul

Shops:
D:7 *

Annotations:
D:8 2 transporters, Rennog's ghost, novice TrFi
D:9 2 transporters, ctx's ghost, novice GnEE
Lair:2 2 transporters, TheSexyCheese's ghost, novice GrFi


Innate Abilities, Weirdness & Mutations

You are mostly covered in thin metallic scales. (AC +3)
You regenerate health from kills.
You have a tail ending in a sharp stinger.
You have a pair of small horns on your head.
Your movements are slightly less encumbered by armour. (ER -2)


Message History

The culicivora draws strength from your injuries!
The culicivora closely misses you. The culicivora bites you!
The culicivora draws strength from your injuries!
The moth of wrath misses you. The culicivora barely misses you.
The culicivora bites you!
The culicivora draws strength from your injuries!
The moth of wrath bites you but does no damage.
Uskayaw will force your foes to share their pain.
You puncture the moth of wrath!
The moth of wrath is severely wounded.
The culicivora barely misses you. The culicivora bites you!!
The culicivora draws strength from your injuries!
The culicivora closely misses you.
A redback comes into view.
The moth of wrath bites you! The culicivora closely misses you.
The culicivora bites you!
* * * LOW HITPOINT WARNING * * *
The culicivora draws strength from your injuries!
The moth of wrath bites you but does no damage. x2
You don't have enough magic at the moment.
You feel better. The culicivora barely misses you. x3
The culicivora closely misses you. The culicivora bites you!!
* * * LOW HITPOINT WARNING * * *
The culicivora draws strength from your injuries!
The moth of wrath bites you.
* * * LOW HITPOINT WARNING * * *
The moth of wrath infuriates you!
A red film seems to cover your vision as you go berserk!
You feel yourself moving faster!
You feel mighty! The moth of wrath closely misses you.
The culicivora closely misses you. The culicivora bites you!
* * * LOW HITPOINT WARNING * * *
The culicivora draws strength from your injuries!
The moth of wrath goads the torpor snail on!
The torpor snail goes berserk!
The culicivora barely misses you.
The moth of wrath bites you but does no damage.
You impale the moth of wrath!!
You kill the moth of wrath!
The culicivora bites you!
You die...

.##.... .#..^. !.#..[.. ....^#
....... ..!.## .s....#....>#
#...#.....## #.s........#
#..wy..^..# #...@s....#
##†..s...## ###
##..†....#.#######.##
########...#.....# #.#...#.##
##..#.##....###....##...^....#
#..........## ##.##....#..###
##....^..^.## ###.........#
##.....#...## #..........
##.......#### #.........#


You could see a torpor snail (berserk), a moth of wrath, 3 culicivoras and a
redback.

Vanquished Creatures
  Kirke (Lair:3)
  A boulder beetle (D:10)
  A catoblepas (Lair:4)
  A death yak (Lair:4)
  2 two-headed ogres
  The ghost of Newt the Slicer, a novice DsGl of Gozag (D:7)
  2 orb spiders (Spider:1)
  Pikel (D:4)
  3 wolf spiders (Spider:1)
  A moth of wrath (Spider:1)
  3 elephants (Lair:4)
  5 black mambas
  6 cane toads
  7 komodo dragons
  A polar bear (Lair:1)
  A queen bee (D:7)
  2 merfolk (Lair:2)
  A meliai (Lair:2)
  22 blink frogs
  13 tarantellas (Spider:1)
  A hornet (D:7)
  2 jumping spiders (Spider:1)
  5 culicivoras (Spider:1)
  Sigmund (D:3)
  A hog (Lair:3)
  22 yaks
  A wyvern (Lair:2)
  6 humans (D:8)
  Grum (Bailey)
  3 vampire mosquitoes (D:10)
  3 basilisks
  15 redbacks (Spider:1)
  Edmund (D:5)
  8 water moccasins
  An ice beast (D:7)
  3 orc warriors
  A black bear (Lair:3)
  11 wolves
  A centaur (D:9)
  A lemure (D:4)
  2 phantoms
  Blork the orc (D:4)
  7 kobold brigands
  13 bullfrogs
  2 necrophages
  7 gnoll sergeants
  4 scorpions
  7 wights
  25 killer bees
  5 howler monkeys
  7 electric eels
  6 hounds
  3 jellies
  An orc priest (D:10)
  Crazy Yiuf (D:2)
  7 gnoll boudas (Bailey)
  3 iguanas
  6 orc wizards
  12 adders
  25 gnolls
  8 river rats
  3 ufetubi
  A worm (D:3)
  30 orcs
  11 ball pythons
  7 bats
  5 endoplasms
  3 giant cockroaches
  13 goblins
  8 hobgoblins
  3 jackals
  47 kobolds
  12 quokkas
  3 frilled lizards
  24 rats
485 creatures vanquished.

Vanquished Creatures (others)
  A bullfrog (D:8)
  A scorpion (D:9)
  49 fungi
  65 plants
116 creatures vanquished.

Grand Total: 601 creatures vanquished

Notes
Turn   | Place    | Note
-------+----------+-------------------------------------------
     0 | D:1      | gelatine the Demonspawn Reaver began the quest for the Orb.
     0 | D:1      | Reached XP level 1. HP: 16/16 MP: 3/3
   303 | D:1      | Gained mutation: You are partially covered in thin metallic
                  | scales. (AC +2) [demonic ancestry]
   303 | D:1      | Reached XP level 2. HP: 22/22 MP: 5/5
   857 | D:1      | Reached XP level 3. HP: 24/25 MP: 6/6
  1829 | D:2      | Found a runed translucent door.
  1830 | D:2      | Noticed Crazy Yiuf
  1836 | D:2      | Killed Crazy Yiuf
  1837 | D:2      | Gained mutation: You have a small tail. [demonic ancestry]
  1837 | D:2      | Reached XP level 4. HP: 30/33 MP: 5/7
  2011 | D:3      | Found a shadowy altar of Dithmenos.
  2068 | D:3      | Noticed Sigmund
  2079 | D:3      | Killed Sigmund
  2080 | D:3      | Reached skill level 1 in Armour
  2080 | D:3      | Reached XP level 5. HP: 27/41 MP: 8/8
  2285 | D:3      | Found a bloodstained altar of Trog.
  2290 | D:3      | Found a snail-covered altar of Cheibriados.
  2290 | D:3      | Found a basalt altar of Yredelemnul.
  2310 | D:3      | Found a sacrificial altar of Ru.
  2726 | D:3      | Gained mutation: You regenerate a little health from kills.
                  | [demonic ancestry]
  2726 | D:3      | Reached XP level 6. HP: 38/48 MP: 9/9
  2901 | D:4      | Found a hazy altar of Hepliaklqana.
  2924 | D:4      | Identified the +10 trident "Cippuha" {drain, rF++ Str+2}
  2928 | D:4      | Found a staircase to the Ecumenical Temple.
  2954 | Temple   | Entered the Ecumenical Temple
  3114 | Temple   | Became a worshipper of Uskayaw the Reveller
  3138 | D:4      | Reached * piety under Uskayaw
  3139 | D:4      | Reached ** piety under Uskayaw
  3305 | D:4      | Found a burning altar of Makhleb.
  3397 | D:4      | Noticed Blork the orc
  3407 | D:4      | Killed Blork the orc
  3408 | D:4      | Reached skill level 1 in Polearms
  3408 | D:4      | Reached XP level 7. HP: 35/54 MP: 10/10
  3622 | D:4      | Noticed Pikel
  3627 | D:4      | Reached *** piety under Uskayaw
  3629 | D:4      | Killed Pikel
  3629 | D:4      | Reached **** piety under Uskayaw
  3630 | D:4      | Reached skill level 5 in Fighting
  3630 | D:4      | Reached skill level 2 in Polearms
  3630 | D:4      | Reached skill level 1 in Stealth
  3739 | D:4      | Reached skill level 3 in Polearms
  3739 | D:4      | Reached XP level 8. HP: 62/62 MP: 11/11
  3894 | D:4      | Found an ancient bone altar of Kikubaaqudgha.
  3990 | D:5      | Entered Level 5 of the Dungeon
  4196 | D:5      | Found a glowing drain.
  4207 | Sewer    | Entered a sewer
  4483 | Sewer    | Reached skill level 4 in Polearms
  4878 | D:5      | Noticed Edmund
  4883 | D:5      | Killed Edmund
  5295 | D:5      | Found an ornate altar of the Wu Jian Council.
  5669 | D:6      | Reached skill level 5 in Polearms
  6274 | D:6      | Gained mutation: You regenerate health from kills. [demonic
                  | ancestry]
  6274 | D:6      | Reached XP level 9. HP: 60/69 MP: 12/12
  6279 | D:6      | Reached skill level 1 in Invocations
  6541 | D:7      | Paralysed by a hornet for 1 turns
  6729 | D:7      | Noticed Newt's ghost (novice DsGl)
  6969 | D:7      | Noticed a queen bee
  6990 | D:7      | Found a transporter.
  6995 | D:7      | Found a transporter.
  7003 | D:7      | Gained mutation: You have a pair of small horns on your
                  | head. [potion of mutation]
  7003 | D:7      | Gained mutation: Your movements are slightly less
                  | encumbered by armour. (ER -2) [potion of mutation]
  7012 | D:7      | Reached skill level 6 in Polearms
  7017 | D:7      | Reached skill level 1 in Evocations
  7021 | D:7      | Reached ***** piety under Uskayaw
  7023 | D:7      | Killed Newt's ghost
  7024 | D:7      | Reached skill level 5 in Dodging
  7031 | D:7      | Killed a queen bee
  7035 | D:7      | Reached ****** piety under Uskayaw
  7057 | D:7      | Identified the +9 dagger "Gaajuin" {flame, Will- Dex+7}
  7388 | D:7      | Found Ufameali's CLEARANCE SALE!.
  7520 | D:8      | Reached skill level 7 in Polearms
  7536 | D:8      | Reached XP level 10. HP: 77/77 MP: 14/14
  7593 | D:8      | Noticed Rennog's ghost (novice TrFi)
  7703 | D:8      | Found a transporter.
  7728 | D:8      | Found a transporter.
  7849 | D:8      | Found a stormy altar of Qazlal.
  7984 | D:8      | Found a sparkling altar of Nemelex Xobeh.
  8440 | D:9      | Noticed a two-headed ogre
  8445 | D:9      | Found a transporter.
  8450 | D:9      | Killed a two-headed ogre
  8451 | D:9      | Reached skill level 5 in Armour
  8456 | D:9      | Noticed ctx's ghost (novice GnEE)
  8456 | D:9      | Noticed a seven-headed hydra
  8459 | D:9      | Noticed a cyclops
  8467 | D:9      | Noticed a centaur warrior
  8582 | D:9      | Reached skill level 8 in Polearms
  8599 | D:9      | Noticed a two-headed ogre
  8600 | D:9      | Found a transporter.
  8604 | D:9      | Identified the +0 falchion "Byfucaw" {drain, Will+}
  8630 | D:9      | Gained mutation: You are mostly covered in thin metallic
                  | scales. (AC +3) [demonic ancestry]
  8630 | D:9      | Reached XP level 11. HP: 84/84 MP: 17/17
  8632 | D:9      | Found a flagged portal.
  8641 | Bailey   | Entered a bailey
  8783 | Bailey   | Noticed Grum
  8801 | Bailey   | Killed Grum
  9107 | D:9      | Found a staircase to the Lair.
  9263 | D:9      | Identified the +8 short sword "Hofoumemn" {pain, rElec}
  9818 | D:10     | Entered Level 10 of the Dungeon
  9944 | D:10     | Reached skill level 5 in Conjurations
  9951 | D:10     | Reached skill level 5 in Invocations
 10002 | D:10     | Reached skill level 1 in Throwing
 10154 | D:10     | Found a staircase to the Orcish Mines.
 10203 | D:10     | Noticed a two-headed ogre
 10212 | D:10     | Killed a two-headed ogre
 10213 | D:10     | Reached skill level 9 in Polearms
 10435 | D:10     | Noticed a boulder beetle
 10447 | D:10     | Killed a boulder beetle
 10448 | D:10     | Reached skill level 5 in Spellcasting
 12158 | Lair:1   | Entered Level 1 of the Lair of Beasts
 12329 | Lair:1   | Reached XP level 12. HP: 81/92 MP: 19/19
 12988 | Lair:2   | Found a hole to the Spider Nest.
 13045 | Lair:2   | Found a bloodstained altar of Trog.
 13048 | Lair:2   | Noticed TheSexyCheese's ghost (novice GrFi)
 13053 | Lair:2   | Found a transporter.
 13058 | Lair:2   | Found a transporter.
 13229 | Lair:2   | Reached skill level 10 in Polearms
 13278 | Lair:2   | Found a staircase to the Shoals.
 13589 | Lair:3   | Identified the ring of the Mantidfly {rF+ rN+}
 14042 | Lair:3   | Noticed Kirke
 14058 | Lair:3   | Killed Kirke
 14059 | Lair:3   | Reached skill level 5 in Stealth
 14445 | Lair:4   | Noticed a death yak
 14455 | Lair:4   | Noticed a catoblepas
 14459 | Lair:4   | Noticed a death yak
 14462 | Lair:4   | Noticed a death yak
 14463 | Lair:4   | Noticed a death yak
 14468 | Lair:4   | Noticed a death yak
 14469 | Lair:4   | Noticed a death yak
 14470 | Lair:4   | Killed a catoblepas
 14482 | Lair:4   | Gained mutation: You have a tail ending in a sharp stinger.
                  | [demonic ancestry]
 14482 | Lair:4   | Reached XP level 13. HP: 34/99 MP: 2/22
 14483 | Lair:4   | Reached skill level 11 in Polearms
 14780 | Spider:1 | Entered Level 1 of the Spider Nest
 14829 | Spider:1 | HP: 1/100 [redback (5)]
 15509 | Spider:1 | HP: 1/151 [culicivora (11)]
 15510 | Spider:1 | Slain by a culicivora

Illustrated notes

Levels and vault maps discovered:
D:1:      sevenhm_arrival_forest_fort_large_2, layout_loops_ring,
          serial_co_window_serial, co_window_of_opportunity_a,
          co_window_corner_a, co_window_corner_a, co_window_corner_a,
          co_window_paths_b, co_window_of_opportunity_a, co_window_2corner,
          co_window_corner_b, co_window_corner_b, co_window_of_opportunity_b,
          co_window_cross_2, co_window_corner_cb, co_window_corner_cb,
          glass_columns_a, glass_columns_a, glass_columns_a, glass_columns_b,
          glass_columns_a, patterned_corridor
D:2:      layout_loops_ring, uniq_crazy_yiuf_cottage
D:3:      layout_loops_cross, grunt_dithmenos_smoke_and_mirrors,
          nicolae_overflow_hallway_of_the_gods, corexii_leaking_fountain,
          minmay_quantized, uniq_sigmund
D:4:      layout_loops_ring, mainiacjoe_overflow_catwalk, kennysheep_mini,
          general_overflow_altar, minmay_temple_entry_waves, uniq_blork_the_orc,
          uniq_pikel
D:5:      layout_loops_cross, lemuel_round_altar, gup_sewer_entry_bubbles,
          minmay_fractal_squares_diagonal_5, uniq_edmund
D:6:      layout_basic, due_unseen_surprise
D:7:      layout_basic, gammafunk_ghost_hive, nicolae_shop_clearance
D:8:      layout_basic, nemelex_altar_shiori, grunt_qazlal_clouds,
          gammafunk_ghost_arena, minmay_ruffians
D:9:      layout_basic, due_lair_maze_entry_diamond, nzn_ghost_randoct,
          enter_bailey_2
D:10:     cheibrodos_two_vegetables, layout_long_grid, orc_0_dummy,
          ebering_dispersal_statue_hall
Temple:   hellmonk_temple_flake
Lair:1:   layout_roguey, serial_rivers, chequers_serial_rivers_micro_b,
          chequers_serial_rivers_room_a, chequers_serial_rivers_marsh,
          chequers_serial_rivers_micro_a
Lair:2:   layout_roguey, elwin_shoals_entry_rooms,
          hellmonk_spider_entry_not_the_bees, gammafunk_ghost_wrathful_warriors,
          lemuel_fruit_tree
Lair:3:   layout_chaotic_city, minmay_holes, uniq_kirke
Lair:4:   cheibrodos_lair_river_kwai, layout_misc_corridors,
          grunt_forest_stairs_basic, serial_bayou_shore_a
Spider:1: layout_spider_delve, drop_trap, uniq_donald, uniq_mlioglotl

Skill      XL: |  1  2  3  4  5  6  7  8  9 10 11 12 13 |
---------------+----------------------------------------+-----
Axes           | 3 4 |  4.3
Dodging        | 2 3 4 5 6 7 |  7.9
Fighting       | 3 4 5 6 7 8 9 |  9.1
Armour         | 1 2 3 4 5 6 7 8 |  8.8
Polearms       | 1 3 5 7 8 9 10 11 | 11.4
Stealth        | 1 2 3 4 5 |  5.2
Invocations    | 3 4 5 6 7 |  7.5
Evocations     | 2 3 4 |  4.3
Spellcasting   | 3 4 5 6 |  6.9
Conjurations   | 4 5 |  5.3
Throwing       | 1 2 |  2.0

Action                     |  1- 3 |  4- 6 |  7- 9 | 10-12 | 13-15 || total
---------------------------+-------+-------+-------+-------+-------++-------
  Melee: Hand axe          |   174 |    86 |       |       |       ||   260
         Punch             |     1 |     3 |     4 |     8 |     3 ||    19
         Tailslap          |       |    15 |    28 |    76 |    20 ||   139
         Trident           |       |    41 |   292 |   688 |   179 ||  1200
         Headbutt          |       |       |    10 |   117 |    31 ||   158
  Throw: Dart              |       |       |     3 |    26 |       ||    29
         Boomerang         |       |       |       |    77 |       ||    77
   Cast: Kiss of Death     |     2 |       |     2 |       |       ||     4
 Invoke: Stomp             |       |       |     1 |     7 |     5 ||    13
         Line Pass         |       |       |       |     1 |       ||     1
  Evoke: Condenser vane    |       |       |       |     1 |     1 ||     2
         Wand              |       |       |       |     1 |       ||     1
    Use: Scroll            |       |     4 |    12 |     6 |       ||    22
         Potion            |       |       |     2 |     1 |     4 ||     7
   Stab: Sleeping          |       |     2 |     4 |       |       ||     6
         Paralysed         |       |       |    11 |    48 |    13 ||    72
         Held in net/web   |       |       |       |     1 |       ||     1
 Armour: Leather armour    |    77 |    49 |    91 |       |       ||   217
         Scale mail        |       |       |    25 |    90 |       ||   115
         Chain mail        |       |       |       |   199 |   145 ||   344
  Dodge: Dodged            |   121 |    94 |   257 |   614 |   207 ||  1293

Table legend: (Time is in decaauts)
 A = Elapsed time spent in this place.
 B = Non-inter-level travel time spent in this place.
 C = Inter-level travel time spent in this place.
 D = Time resting spent in this place.
 E = Time spent auto-exploring this place.
 F = Levels seen in this place.
 G = Mean time per level.
                   A        B        C        D        E       F      G
               +--------+--------+--------+--------+--------+-----+--------+
         Total |  15511 |  15069 |    442 |      0 |  11546 |  18 |  861.7 |
       Dungeon |  11092 |  10790 |    302 |      0 |   8483 |  10 | 1109.2 |
        Temple |    169 |    153 |     16 |      0 |    132 |   1 |  169.0 |
          Lair |   2673 |   2550 |    123 |      0 |   1964 |   4 |  668.2 |
   Spider Nest |    594 |    594 |      0 |      0 |    379 |   1 |  594.0 |
         Sewer |    562 |    562 |      0 |      0 |    382 |   1 |  562.0 |
        Bailey |    418 |    418 |      0 |      0 |    206 |   1 |  418.0 |
               +--------+--------+--------+--------+--------+-----+--------+

Top non-repeatable levels by time:
    D:10: 2329 daAuts
     D:1: 1228 daAuts
     D:6: 1222 daAuts
     D:9: 990 daAuts
     D:8: 939 daAuts
     D:4: 929 daAuts
     D:5: 918 daAuts
     D:3: 897 daAuts
  Lair:2: 891 daAuts
  Lair:3: 879 daAuts
     D:7: 831 daAuts
     D:2: 805 daAuts
  Lair:1: 655 daAuts
Spider:1: 594 daAuts
   Sewer: 562 daAuts
